 Dungeon Crawl Stone Soup version 0.29-a0-184-g2ef5e920f0 (webtiles) character file.

Game seed: 1373259469955075569

4277 Ordine the Thaumaturge (level 10, -1/58 HPs)
             Began as a Deep Elf Conjurer on Feb 21, 2022.
             Was an Initiate of Vehumet.
             Slain by a boulder beetle (51 damage)
             ... on level 8 of the Dungeon.
             The game lasted 00:27:44 (9793 turns).

Ordine the Thaumaturge (Deep Elf Conjurer)          Turns: 9793, Time: 00:27:45

Health: -1/58      AC:  4    Str: 11    XL:     10   Next: 10%
Magic:  27/33      EV: 15    Int: 28    God:    Vehumet [......]
Gold:   106        SH:  5    Dex: 15    Spells: 12/25 levels left

rFire   + . .      SeeInvis .   b - +2 whip (venom)
rCold   + + .      Faith    .   g - orb {light}
rNeg    . . .      Spirit   .   a - +0 robe
rPois   +          Reflect  +   (no helmet)
rElec   +          Harm     .   p - +1 cloak "Tocihise" {Drain rElec rC+++ Will-}
rCorr   .          Rampage  .   (no gloves)
Will    .....                   (no boots)
Stlth   ++........              A - amulet of reflection
HPRegen 0.19/turn               s - ring of magical power
MPRegen 0.23/turn               D - ring of Eceafusi {Fire rPois Str+7 Dex+2 Slay-4}

@: glowing
A: no striking features
a: Renounce Religion


You were on level 8 of the Dungeon.
You worshipped Vehumet.
Vehumet was noncommittal.
You visited 2 branches of the dungeon, and saw 9 of its levels.

You collected 603 gold pieces.
You spent 497 gold pieces at shops.

Inventory:

Hand Weapons
 b - a +2 whip of venom (weapon)
Armour
 a - a +0 robe (worn)
 g - an orb of light (worn)
 p - the +1 cloak "Tocihise" (worn) {Drain rElec rC+++ Will-}
   (You found it on level 4 of the Dungeon)

   rC:        It renders you almost immune to cold.
   rElec:     It insulates you from electricity.
   Drain:     It drains your maximum health when unequipped.
   Will:      It decreases your willpower.
Jewellery
 k - a ring of ice
 s - a ring of magical power (left hand)
 y - an amulet of the acrobat
 A - an amulet of reflection (around neck)
 D - the ring of Eceafusi (right hand) {Fire rPois Str+7 Dex+2 Slay-4}
   (You bought it in a shop on level 8 of the Dungeon)

   [ring of fire]

   It enhances your fire magic.
   Str:       It affects your strength (+7).
   Dex:       It affects your dexterity (+2).
   Slay:      It affects your accuracy & damage with ranged weapons and melee
   (-4).
   rF:        It protects you from fire.
   rC:        It makes you vulnerable to cold.
   rPois:     It protects you from poison.
Wands
 c - a wand of digging (4)
 w - a wand of acid (7)
 x - a wand of iceblast (6)
Scrolls
 d - a scroll of summoning {unknown}
 h - a scroll of enchant armour {unknown}
 j - a scroll of enchant weapon {unknown}
 l - 2 scrolls of fog {unknown}
 m - a scroll of amnesia {unknown}
 o - 3 scrolls of immolation {unknown}
 r - 3 scrolls of teleportation {unknown}
 u - a scroll of magic mapping {unknown}
 v - a scroll of holy word {unknown}
Potions
 e - 3 potions of berserk rage
 f - 2 potions of lignification {unknown}
 i - a potion of haste
 n - 2 potions of magic
 q - 2 potions of curing
 t - a potion of flight
 z - 3 potions of brilliance {unknown}
 B - a potion of degeneration {unknown}
 C - a potion of heal wounds


   Skills:
 + Level 4.7 Fighting
 + Level 7.5 Dodging
 + Level 8.0 Stealth
 + Level 8.3 Spellcasting
 + Level 7.8 Conjurations
 - Level 5.0 Translocations
 + Level 4.4 Fire Magic


You had 12 spell levels left.
You knew the following spells:

 Your Spells              Type           Power      Damage    Failure   Level
a - Magic Dart            Conj           100%       1d8       1%          1
b - Searing Ray           Conj           100%       2d8       1%          2
c - Iskenderun's Mystic   Conj/Tloc      47%        2d10      3%          4
d - Fulminant Prism       Conj/Hex       16%        3d11      10%         4
e - Blink                 Tloc           78%        N/A       1%          2

Your spell library contained the following spells:

 Spells                   Type           Power      Damage    Failure   Level
 Apportation              Tloc           78%        N/A       1%          1
 Foxfire                  Conj/Fire      100%       2x1d9     1%          1
 Conjure Flame            Conj/Fire      62%        6-21      1%          3
 Gell's Gravitas          Tloc           39%        N/A       1%          3
 Lesser Beckoning         Tloc           39%        N/A       1%          3
 Teleport Other           Tloc           39%        N/A       1%          3
 Dazzling Flash           Conj/Hex       66%        N/A       2%          3
 Flame Wave               Conj/Fire      62%        2d12      3%          4
 Freeze                   Ice            44%        1d6       4%          1
 Pain                     Necr           44%        1d6       4%          1
 Sting                    Tmut/Pois      44%        1d5       4%          1
 Inner Flame              Hex/Fire       36%        N/A       6%          3
 Poisonous Vapours        Pois/Air       22%        N/A       7%          2
 Hailstorm                Conj/Ice       33%        3d8       10%         4
 Frozen Ramparts          Ice            22%        1d4       14%         3
 Manifold Assault         Tloc           39%        N/A       17%         5
 Olgreb's Toxic Radiance  Pois           11%        N/A       43%         4
 Agony                    Necr           11%        N/A       78%         5
 Alistair's Intoxication  Tmut/Pois      7%         N/A       78%         5
 Excruciating Wounds      Necr           5%         N/A       78%         5
 Storm Form               Tmut/Air       5%         N/A       100%        7


Dungeon Overview and Level Annotations

Branches:
Dungeon (8/15)             Temple (1/1) D:7
   Lair: D:8-11

Altars:
Ashenzari
Cheibriados
Dithmenos
Fedhas
Gozag
Hepliaklqana
Kikubaaqudgha
Makhleb
Nemelex Xobeh
Okawaru
Ru
Trog
Vehumet
Wu Jian
Xom
Yredelemnul
Zin
The Shining One

Shops:
D:8 =


Message History

You open the door.
There is an open door here.
There is an open door here.
q - 2 potions of curing (gained 1)
Found 27 stones.
You open the door.
There is an open door here.
A boulder beetle comes into view.
The boulder beetle curls into a ball and begins rolling!
Press: ? - help, v - describe, . - travel
Here: a boulder beetle (rolling)
The floor.
Found a stone staircase leading down.
You block the boulder beetle's attack.
The boulder beetle stops rolling and uncurls.
You hit the boulder beetle but do no damage.
The boulder beetle bites you!
You hit the boulder beetle.
The boulder beetle is lightly wounded.
The boulder beetle leaps!
The magic dart hits the boulder beetle but does no damage.
The boulder beetle is lightly wounded.
The magic dart hits the boulder beetle but does no damage.
The boulder beetle is lightly wounded.
The boulder beetle waves its antennae.
Casting: Magic Dart (safe; 1% risk of failure)
Confirm with . or Enter, or press ? or * to list all spells.
Aiming: Fulminant Prism (dangerous; 10% risk of failure)
Press: ? - help, Dir - move target, p - boulder beetle You conjure a prism of explosive energy!
A fulminant prism comes into view.
The boulder beetle leaps!
Your fulminant prism crackles loudly.
Your fulminant prism explodes!
The magic dart hits the boulder beetle but does no damage.
The magic dart hits the boulder beetle.
The boulder beetle is lightly wounded.
The boulder beetle curls into a ball and begins rolling!
The boulder beetle hits you!!!
Ouch! That really hurt!
You die...

###########+#####+ ##########
#......#..........
.........###......#..........
..................#..........
...........................>.
.............##.@.....###....
................B.....###.... .
....######.....○............. .
....##.............(..###.#... .
...###................'....... .
...# #................###..... .
...# #...........#.#...........##
...# #.............#.####......##
...###.............#.#..........#


You could see a boulder beetle (rolling).

Vanquished Creatures
  A centaur zombie (D:8)
  A hornet (D:8)
  A troll (D:8)
  Sigmund (D:5)
  A wyvern (D:8)
  An acid dragon (D:7)
  A water moccasin (D:5)
  2 ice beasts
  A hornet zombie (D:7)
  2 ogres
  7 necrophages
  A centaur (D:5)
  A phantom (D:5)
  A kobold brigand (D:7)
  Blork the orc (D:5)
  A wyvern zombie (D:7)
  A bullfrog (D:8)
  3 scorpions
  A water moccasin zombie (D:5)
  A vampire bat (D:5)
  A wight (D:7)
  A human zombie (D:7)
  3 bullfrog zombies (D:7)
  4 hounds
  A gnoll shaman (D:6)
  4 orc priests
  A centaur skeleton (D:5)
  A jelly (D:3)
  A bullfrog skeleton (D:5)
  4 iguanas
  5 orc wizards
  Ijyb (D:5)
  2 killer bee zombies (D:7)
  A hound zombie (D:5)
  A mummy (D:7)
  6 adders
  12 gnolls
  A white imp (D:3)
  An ufetubus (D:5)
  4 dart slugs
  3 fire bats (D:5)
  2 worms
  24 orcs
  2 spectral bats (D:5)
  3 ball pythons
  3 bat skeletons (D:5)
  A bat zombie (D:5)
  9 endoplasms
  A giant cockroach (D:3)
  13 goblins
  11 hobgoblins
  2 jackals (D:2)
  6 quokkas
  13 bats
  A bat simulacrum (D:5)
  4 frilled lizards (D:2)
  21 kobolds
  6 rats
210 creatures vanquished.

Vanquished Creatures (others)
  2 fulminant prisms (D:8)
  A plant (D:1)
  4 toadstools (D:1)
7 creatures vanquished.

Grand Total: 217 creatures vanquished

Notes
Turn   | Place    | Note
-------+----------+-------------------------------------------
     0 | D:1      | Ordine the Deep Elf Conjurer began the quest for the Orb.
     0 | D:1      | Reached XP level 1. HP: 10/10 MP: 6/6
   183 | D:1      | Found a faded altar of an unknown god.
   205 | D:1      | Reached XP level 2. HP: 16/16 MP: 5/8
   208 | D:1      | Learned a level 2 spell: Searing Ray
  1127 | D:2      | Reached XP level 3. HP: 20/20 MP: 7/9
  1470 | D:2      | Reached skill level 1 in Fighting
  1739 | D:2      | Reached XP level 4. HP: 25/25 MP: 5/11
  1771 | D:2      | Noticed a scorpion
  1775 | D:2      | Killed a scorpion
  1776 | D:2      | Reached skill level 5 in Conjurations
  1869 | D:2      | Reached XP level 5. HP: 29/29 MP: 10/13
  1942 | D:2      | Learned a level 4 spell: Iskenderun's Mystic Blast
  1947 | D:2      | Learned a level 4 spell: Fulminant Prism
  2203 | D:3      | Found an iron altar of Okawaru.
  2203 | D:3      | Found a bloodstained altar of Trog.
  2946 | D:3      | Found a blossoming altar of Fedhas.
  3071 | D:4      | Reached XP level 6. HP: 32/35 MP: 6/14
  3074 | D:4      | Identified the +1 cloak "Tocihise" {Drain rElec rC+++
                  | Will-}
  3909 | D:4      | Reached skill level 5 in Spellcasting
  4082 | D:4      | Learned a level 2 spell: Blink
  4403 | D:5      | Entered Level 5 of the Dungeon
  4411 | D:5      | Reached XP level 7. HP: 17/40 MP: 16/16
  4672 | D:5      | Reached skill level 5 in Stealth
  4672 | D:5      | Reached skill level 1 in Translocations
  4704 | D:5      | Noticed Blork the orc
  4713 | D:5      | Killed Blork the orc
  4869 | D:5      | Reached skill level 5 in Dodging
  5124 | D:5      | Reached XP level 8. HP: 46/46 MP: 19/19
  5508 | D:5      | Noticed Ijyb
  5512 | D:5      | Killed Ijyb
  5871 | D:5      | Reached skill level 1 in Fire Magic
  6141 | D:5      | Noticed Sigmund
  6147 | D:5      | Killed Sigmund
  6766 | D:6      | Reached XP level 9. HP: 52/52 MP: 21/21
  7399 | D:6      | Found a sparkling altar of Nemelex Xobeh.
  7400 | D:6      | Found an ornate altar of the Wu Jian Council.
  7401 | D:6      | Found a broken altar of Ashenzari.
  7402 | D:6      | Found a burning altar of Makhleb.
  7571 | D:7      | Identified the +0 leather armour of Raisamoc {rElec rF- rC+
                  | Int+4}
  8286 | D:7      | Found an ancient bone altar of Kikubaaqudgha.
  8613 | D:7      | Found a staircase to the Ecumenical Temple.
  8694 | Temple   | Entered the Ecumenical Temple
  8726 | Temple   | Became a worshipper of Vehumet
  9163 | D:8      | Reached skill level 5 in Translocations
  9417 | D:8      | Found Fecuse's Jewellery Emporium.
  9425 | D:8      | Bought the ring of Eceafusi {Fire rPois Str+7 Dex+2 Slay-4}
                  | for 497 gold pieces
  9504 | D:8      | Reached XP level 10. HP: 42/58 MP: 16/24
  9776 | D:8      | Noticed a boulder beetle
  9793 | D:8      | Slain by a boulder beetle

Illustrated notes

Levels and vault maps discovered:
D:1:      ldierk_walled_garden_2, layout_loops_ring, basic_ecumenical_altar,
          chequers_serial_rivers_micro_a, bh_walls_and_bars
D:2:      layout_basic, hangedman_decor_growths
D:3:      kennysheep_big_flooded_room, layout_rooms,
          grunt_temple_overflow_bloody_war, lemuel_tele_altar
D:4:      corexii_shantytown, layout_loops_ring
D:5:      minmay_angry_zag, layout_layer_cave, grunt_ministairs_14,
          hangedman_decor_diamond_cutter, goddamned_bats, uniq_ijyb,
          uniq_blork_the_orc, uniq_sigmund
D:6:      layout_basic, mainiacjoe_overflow_alcove_3, roderic_roman_lattice
D:7:      layout_rooms, lemuel_mausoleum_altar_kikubaaqudgha, temple_pool_b,
          serial_glass, glass_columns_c, glass_columns_a
D:8:      layout_basic, serial_shops, shop_fountains
Temple:   eino_temple_lava

Skill      XL: |  1  2  3  4  5  6  7  8  9 10 |
---------------+-------------------------------+-----
Stealth        | 3 4 5 6 7 8 |  8.0
Dodging        | 3 4 5 6 7 |  7.5
Fighting       | 1 2 3 4 |  4.7
Spellcasting   | 4 5 6 7 8 |  8.3
Conjurations   | 5 6 7 |  7.8
Translocations | 2 3 5 |  5.0
Fire Magic     | 2 4 |  4.4

Action                   |  1- 3 |  4- 6 |  7- 9 | 10-12 || total
-------------------------+-------+-------+-------+-------++-------
Melee: Whip              |       |    11 |       |     2 ||    13
 Cast: Magic Dart        |    77 |   106 |   226 |     6 ||   415
       Searing Ray       |     1 |    10 |    56 |     1 ||    68
       Iskenderun's Myst |       |       |     5 |       ||     5
       Fulminant Prism   |       |       |       |     2 ||     2
  Use: Scroll            |       |       |     6 |       ||     6
       Potion            |       |       |     1 |       ||     1
Armor: Robe              |     4 |    11 |    35 |       ||    50
Dodge: Dodged            |     7 |    18 |   120 |       ||   145
Block: Orb               |       |       |    20 |     1 ||    21
       Reflection        |       |       |     1 |       ||     1

Table legend: (Time is in decaauts)
 A = Elapsed time spent in this place.
 B = Non-inter-level travel time spent in this place.
 C = Inter-level travel time spent in this place.
 D = Time resting spent in this place.
 E = Time spent auto-exploring this place.
 F = Levels seen in this place.
 G = Mean time per level.
                   A        B        C        D        E       F      G
               +--------+--------+--------+--------+--------+-----+--------+
         Total |   9816 |   9610 |    206 |     39 |   8421 |   9 | 1090.7 |
       Dungeon |   9743 |   9543 |    200 |     39 |   8365 |   8 | 1217.9 |
        Temple |     72 |     66 |      6 |      0 |     56 |   1 |   72.0 |
               +--------+--------+--------+--------+--------+-----+--------+

Top non-repeatable levels by time:
     D:5: 2321 daAuts
     D:7: 1512 daAuts
     D:4: 1362 daAuts
     D:3: 1072 daAuts
     D:1: 1017 daAuts
     D:2: 967 daAuts
     D:6: 781 daAuts
     D:8: 708 daAuts
  Temple: 72 daAuts
